 Dungeon Crawl Stone Soup version 0.30.1-11-g7821555f0a (webtiles) character file.

Game seed: 16167743634213374014

174 KittyFluff the Cudgeller (level 5, 0/49 HPs)
             Began as a Gargoyle Berserker on Nov 8, 2023.
             Was a Believer of Trog.
             Slain by KittyFluff's ghost (1 damage)
             ... on level 3 of the Dungeon.
             The game lasted 00:09:26 (2345 turns).

KittyFluff the Cudgeller (Gargoyle Berserker)       Turns: 2345, Time: 00:09:26

Health: 0/49       AC:  7    Str: 23    XL:     5   Next: 54%
Magic:  5/5        EV: 12    Int:  7    God:    Trog [**....]
Gold:   171        SH:  0    Dex:  9    Spells: 4/4 levels left

rFire   . . .        a - +0 mace
rCold   . . .        (no shield)
rNeg    + + .        b - +0 animal skin
rPois   ∞            (no helmet)
rElec   +            (no cloak)
rCorr   .            s - +0 pair of gloves
SInv    .            (no boots)
Will    .....        (no amulet) Stlth
                     u - ring of positive energy
HPRegen 0.28/turn    (no ring)
MPRegen 0.09/turn

%: no passive effects
@: berserking (expiring), very quick
A: sickness immunity, AC +4, negative energy resistance 1, electricity
resistance, torment resistance 1, petrification resistance
a: Renounce Religion, Berserk, Trog's Hand


You were on level 3 of the Dungeon.
You worshipped Trog.
Trog was pleased with you.
You visited 1 branch of the dungeon, and saw 3 of its levels.

You collected 171 gold pieces.

Inventory:

Hand Weapons
 a - a +0 mace (weapon)
 x - a +0 sling
Missiles
 k - 4 curare-tipped darts
 m - 2 boomerangs (quivered)
 o - 3 javelins
 w - 2 poisoned darts
Armour
 b - a +0 animal skin (worn)
 s - a +0 pair of gloves (worn)
Jewellery
 u - a ring of positive energy (left hand)
Scrolls
 f - 6 scrolls of identify {unknown}
 g - a scroll of noise {unknown}
 h - 4 scrolls of teleportation {unknown}
 l - a scroll of fear {unknown}
 n - a scroll of enchant weapon {unknown}
 p - a scroll of enchant armour {unknown}
 q - a scroll of amnesia {unknown}
 v - a scroll of summoning {unknown}
 y - a scroll of fog {unknown}
 B - a scroll of magic mapping {unknown}
Potions
 c - a potion of lignification {unknown}
 d - 5 potions of curing {unknown}
 e - 3 potions of attraction {unknown}
 i - a potion of brilliance {unknown}
 j - a potion of berserk rage {unknown}
 r - a potion of flight {unknown}
 t - 2 potions of degeneration {unknown}
 z - a potion of mutation {unknown}
 A - 2 potions of might {unknown}


   Skills:
 + Level 3.8 Fighting
 * Level 4.0 Maces & Flails
 * Level 3.8 Armour
 + Level 2.2 Dodging
 + Level 2.1 Stealth


You had 4 spell levels left.
You didn't know any spells.
Your spell library was empty.

Dungeon Overview and Level Annotations

Branches:
Dungeon (3/15)

Altars:

Annotations:
D:3 1 transporter, KittyFluff's ghost, amateur GrBe


Innate Abilities, Weirdness & Mutations

You are immune to sickness and miasma.
Your stone body is resilient. (AC +4)
You are immune to poison.
You resist negative energy. (rN+)
You are resistant to electric shocks. (rElec)
You are resistant to unholy torment.
You are immune to petrification.


Message History

You feel yourself moving faster!
You feel mighty!
KittyFluff's ghost wails.
KittyFluff's ghost hits you.
* * * LOW HITPOINT WARNING * * *
The gnoll misses you.
You closely miss KittyFluff's ghost.
The gnoll bouda gazes fiercely through you!
You feel your attacks grow feeble.
The gnoll bouda hits you with a +0 whip.
* * * LOW HITPOINT WARNING * * *
KittyFluff's ghost hits you but does no damage.
The gnoll hits you with a +2 spear of electrocution!
* * * LOW HITPOINT WARNING * * *
Press: ? - help, v - describe, . - travel, g - get item Item here: a manual of Fighting.
The floor.
You hit the gnoll.
You feel the power of Trog in you as your rage grows.
You kill the gnoll!
Trog accepts your kill. The gnoll bouda completely misses you.
KittyFluff's ghost barely misses you.
You see here a +2 spear of electrocution.
You feel a strong urge to attack something.
The gnoll bouda barks out a call to the hunt!
The gnoll picks up the pace!
You barely miss KittyFluff's ghost.
KittyFluff's ghost hits you but does no damage.
You closely miss KittyFluff's ghost. You hit KittyFluff's ghost.
KittyFluff's ghost is lightly damaged.
KittyFluff's ghost hits you but does no damage.
You closely miss KittyFluff's ghost.
KittyFluff's ghost is lightly damaged.
KittyFluff's ghost hits you.
* * * LOW HITPOINT WARNING * * *
You hit KittyFluff's ghost.
KittyFluff's ghost is moderately damaged.
Your attacks no longer feel as feeble.
KittyFluff's ghost hits you.
You die...

..+..≈≈#.#.#.###.©.###.#.#.#≈≈.#
.8#..≈≈#...###.#####g###...#≈≈.##
.##..≈≈###.....g....g....###≈≈...
##...≈≈.8#.######'###'##.#8.≈≈.#.
#....≈≈.##.#...#8.)#...#.##.≈≈.#.
.....~~.#..'..:#⌠©.....'..#.~~.##
.....≈≈.## #...#8..#...#.##.≈≈.#
.....≈≈.8#.######'###'##.#8.≈≈.#
####.≈≈###..gggW@........###≈≈.#
#.≈≈#...###g#####©###...#≈≈.#
#.≈≈#.#.#.###.©.###.#.#.#≈≈.#
#.≈≈#####...........#####≈≈.##
#.≈≈≈≈≈≈≈≈≈≈≈≈~≈≈≈≈≈≈≈≈≈≈≈≈..#
#.≈≈≈≈≈≈≈≈≈≈≈≈~≈≈≈≈≈≈≈≈≈≈≈≈...
#.............................
###..........................#
############################


You could see a gnoll bouda, KittyFluff's ghost and 3 gnolls.

Vanquished Creatures
  4 adders
  8 gnolls
  A worm (D:3)
  2 dart slugs (D:3)
  5 ball pythons
  6 bats
  6 endoplasms
  4 giant cockroaches
  6 goblins
  4 hobgoblins
  3 kobolds
  3 frilled lizards (D:1)
  2 rats
54 creatures vanquished.

Notes
Turn   | Place    | Note
-------+----------+-------------------------------------------
     0 | D:1      | KittyFluff the Gargoyle Berserker began the quest for the
                  | Orb.
     0 | D:1      | Reached XP level 1. HP: 14/14 MP: 1/1
   120 | D:1      | Reached XP level 2. HP: 18/19 MP: 2/2
   599 | D:2      | Reached ** piety under Trog
   600 | D:2      | Reached XP level 3. HP: 23/23 MP: 3/3
   693 | D:2      | Reached skill level 1 in Stealth
   916 | D:2      | Reached XP level 4. HP: 15/28 MP: 4/4
  1670 | D:3      | Found a transporter.
  1799 | D:3      | Reached XP level 5. HP: 12/33 MP: 5/5
  2089 | D:3      | Reached skill level 4 in Maces & Flails
  2135 | D:3      | Found a transporter.
  2138 | D:3      | Noticed KittyFluff's ghost (amateur GrBe)
  2344 | D:3      | HP: 1/49 [KittyFluff's ghost (6)]
  2345 | D:3      | Slain by KittyFluff's ghost

Illustrated notes

Levels and vault maps discovered:
D:1:      heliophobic_arrival_battle_scene, layout_rooms
D:2:      layout_basic, serial_bayou, serial_bayou_pond_a, serial_bayou_pond_d,
          serial_bayou_ford_a, serial_bayou_shore_a, kennysheep_donut
D:3:      layout_basic, gammafunk_ghost_gnarly_gnolls, dk_noncrumbling_4

Skill      XL: |  1  2  3  4  5 |
---------------+----------------+-----
Armour         | 3 |  3.8
Stealth        | 1 2 |  2.1
Dodging        | 2 |  2.2
Maces & Flails | 4 |  4.0
Fighting       | |  3.8

Action                     |  1- 3 |  4- 6 || total
---------------------------+-------+-------++-------
  Melee: Mace              |    87 |   109 ||   196
         Punch             |     1 |       ||     1
 Invoke: Berserk           |       |     2 ||     2
   Stab: Sleeping          |       |     1 ||     1
 Armour: Animal skin       |    28 |    58 ||    86
  Dodge: Dodged            |    59 |    78 ||   137
